 Dungeon Crawl Stone Soup version bcrawl-1.27.6 (webtiles) character file.

Game seed: 14998950149460321629

336375 DogServant the Carver (level 10, -19/63 HPs)
             Began as an Avariel Skald on Oct 12, 2020.
             Was a High Priest of Okawaru.
             Demolished by an orc warrior
             ... wielding a +0 war axe
              (34 damage)
             ... on level 9 of the Dungeon.
             The game lasted 00:26:38 (8381 turns).

DogServant the Carver (Avariel Skald)               Turns: 8381, Time: 00:26:39

Health: -19/63     AC:  7    Str: 12    XL:     10   Next: 91%
Magic:  9/16       EV: 21    Int: 27    God:    Okawaru [*****.]
Gold:   694        SH: 13    Dex: 18    Spells: 2/14 levels left

rFire    + . .     SeeInvis .   a - +7 scimitar of the Hero {venom, Dex+4}
rCold    x . .     Gourm    .   (no shield)
rNeg     . . .     Faith    .   b - +0 leather armour
rPois    .         Spirit   .   h - +0 helmet
rElec    .         Reflect  .   i - +0 cloak
rCorr    .         Harm     .   x - +0 pair of gloves
MR       +....                  s - +0 pair of boots
Stlth    +.........             (no amulet)
HPRegen  0.20/turn              w - +7 ring of intelligence
MPRegen  0.15/turn              F - ring "Gausuim" {Fire Str+2}

@: about to teleport, infused, singing (expiring), flying quickly and evasively,
lightly drained, quick
A: able to fly
a: Stop Flying, Heroism, Finesse, Renounce Religion


You were on level 9 of the Dungeon.
You worshipped Okawaru.
Okawaru was extremely pleased with you.
You were hungry.

You visited 2 branches of the dungeon, and saw 10 of its levels.

You collected 694 gold pieces.

Inventory:

Hand Weapons
 a - the +7 scimitar of the Hero (weapon) {venom, Dex+4}
   (Okawaru gifted it to you on level 7 of the Dungeon)

   It poisons the flesh of those it strikes.
   It affects your dexterity (+4).
 c - a +3 vampiric falchion
 E - a +3 great sword of freezing
Missiles
 y - 130 poisoned tomahawks (quivered)
Armour
 b - a +0 leather armour (worn)
 h - a +0 helmet (worn)
 i - a +0 cloak (worn)
 s - a +0 pair of boots (worn)
 t - a +2 chain mail of poison resistance
 x - a +0 pair of gloves (worn)
 I - a scarf of clouds
Jewellery
 w - a +7 ring of intelligence (left hand)
 F - the ring "Gausuim" (right hand) {Fire Str+2}
   (You found it on level 6 of the Dungeon)

   [ring of fire]

   It enhances your fire magic.
   It affects your strength (+2).
   It protects you from fire.
   It makes you vulnerable to cold.
 G - an uncursed ring of positive energy
Wands
 g - a wand of flame (20)
 H - a wand of random effects (5)
 J - a wand of enslavement (7)
 K - a wand of scattershot (5)
Scrolls
 j - a scroll of enchant weapon
 k - 5 scrolls of remove curse
 z - 2 scrolls of enchant armour {unknown}
 A - 2 scrolls of magic mapping {unknown}
 B - a scroll of acquirement {unknown}
 D - 5 scrolls of identify
Potions
 d - a potion of invisibility
 l - 3 potions of curing
 m - 2 potions of degeneration {unknown}
 n - 2 potions of agility
 o - 2 potions of haste {unknown}
 p - 2 potions of might {unknown}
 q - a potion of brilliance {unknown}
 r - 3 potions of resistance {unknown}
 u - a potion of heal wounds {unknown}
 v - a potion of cancellation {unknown}
 C - a potion of magic {unknown}
 L - 2 potions of berserk rage
Comestibles
 e - 14 rations {!d}


   Skills:
 + Level 7.6(7.4) Fighting
 + Level 10.1(9.9) Long Blades
 - Level 1.1(0.9) Armour
 + Level 8.6(8.3) Dodging
 - Level 2.6(2.4) Spellcasting
 - Level 7.0(6.8) Charms
 - Level 3.6(3.4) Ice Magic
 - Level 4.0(3.7) Invocations


You had 2 spell levels left.
You knew the following spells:

 Your Spells              Type           Power        Failure   Level  Hunger
a - Infusion              Chrm           #####...     1%          1    None
b - Song of Slaying       Chrm           #####...     1%          2    ##.....
c - Spectral Weapon       Hex/Chrm       ###.....     9%          3    ####...
d - Ozocubu's Armour      Chrm/Ice       ####....     4%          3    ####...
e - Regeneration          Chrm/Necr      ###.......   9%          3    ####...

Your spell library contained the following spells:

 Spells                   Type           Power        Failure   Level  Hunger
 Summon Small Mammal      Summ           #...         12%         1    None
 Call Imp                 Summ           #.....       19%         2    ##.....
 Call Canine Familiar     Summ           #.......     34%         3    ####...
 Summon Ice Beast         Ice/Summ       ##......     50%         4    ######.
 Summon Lightning Spire   Summ/Air       #.......     97%         5    #######


Dungeon Overview and Level Annotations

Branches:
Dungeon (9/12)             Temple (1/1) D:4            Lair (0/6) D:7
    Orc: D:8-11

Altars:
Ashenzari
Cheibriados
Dithmenos
Elyvilon
Fedhas
Gozag
Hepliaklqana
Kikubaaqudgha
Lugonu
Makhleb
Nemelex Xobeh
Okawaru
Qazlal
Ru
Sif Muna
Trog
Uskayaw
Vehumet
Wu Jian
Xom
Yredelemnul
Zin
The Shining One

Shops:
D:7 }   D:8 }

Annotations:
D:4 Menkaure


Innate Abilities, Weirdness & Mutations

You can fly continuously.


Message History

The orc warrior rages.
The wight completely misses you. You block the orc warrior's attack.
The orc warrior barely misses you.
You hit the wight!
You destroy the wight!
Okawaru accepts your kill.
A sky beast comes into view.
You block the orc warrior's attack.
The orc warrior hits you with a +0 war axe!
* * * LOW HITPOINT WARNING * * *
Items here: )) [[ a +3 dagger; a +0 robe; a +0 war axe; a +0 chain mail
Okay, then.
As you read the scroll of teleportation, it crumbles to dust.
You feel strangely unstable. You block the orc warrior's attack.
The orc warrior drinks a potion.
The orc warrior goes berserk!
You block the wight's attack.
The orc warrior hits you with a +0 war axe!!
Ouch! That really hurt!
You die...

#######
#...@.#######
#...oz#.....Y
###...o.o......
##.......)o.....
#...........##.#
#..........##
#.........##
#..[####..#
#...# ....


You could see 3 orc warriors, a wight and an orc priest.

Vanquished Creatures
  A centaur warrior (D:6)
  A cyclops (D:7)
  A deep elf mage (D:9)
  A troll (D:8)
  Sigmund (D:2)
  5 yaks (D:7)
  A crocodile (D:6)
  2 porcupines (D:7)
  2 orc warriors
  2 sky beasts (D:6)
  2 black bears
  4 ice beasts
  2 ogres
  3 big kobolds
  2 bullfrogs
  2 wyvern zombies
  2 scorpions
  9 wights
  6 crimson imps
  A quasit (D:8)
  4 bullfrog skeletons
  2 jellies (D:5)
  3 hounds
  4 orc priests
  4 orc wizards
  Jessica (D:3)
  Terence (D:2)
  2 iguanas (D:7)
  2 worker ants (D:5)
  4 hell rats (D:7)
  A hound skeleton (D:6)
  2 worker ant zombies
  3 gnolls (D:6)
  2 howler monkey skeletons
  11 adders
  A shadow imp (D:7)
  An ooze (D:8)
  An adder zombie (D:7)
  2 adder skeletons (D:7)
  4 worms
  A dart slug (D:4)
  7 leopard geckos
  12 orcs
  2 ball pythons (D:3)
  3 bats
  2 giant cockroaches
  5 goblins
  6 hobgoblins
  4 jackals (D:2)
  2 quokkas
  A frilled lizard (D:2)
  18 kobolds
  A quokka skeleton (D:5)
  6 rats
175 creatures vanquished.

Vanquished Creatures (others)
  2 fungi (D:3)
2 creatures vanquished.

Grand Total: 177 creatures vanquished

Notes
Turn   | Place    | Note
-------+----------+-------------------------------------------
     0 | D:1      | DogServant the Avariel Skald began the quest for the Orb.
     0 | D:1      | Reached XP level 1. HP: 12/12 MP: 6/6
   328 | D:1      | Reached XP level 2. HP: 10/17 MP: 4/7
   688 | D:2      | Found a sacrificial altar of Ru.
   713 | D:2      | Reached skill level 3 in Long Blades
   786 | D:2      | Found a radiant altar of Vehumet.
   804 | D:2      | Reached XP level 3. HP: 21/21 MP: 5/9
   852 | D:2      | Found an opulent altar of Gozag.
   914 | D:2      | Noticed Sigmund
  1046 | D:2      | Noticed Terence
  1054 | D:2      | Learned a level 2 spell: Song of Slaying
  1065 | D:2      | HP: 1/21 [Terence/+0 falchion of holy wrath (3)]
  1066 | D:2      | Killed Terence
  1066 | D:2      | Reached XP level 4. HP: 1/26 MP: 4/10
  1367 | D:2      | Killed Sigmund
  1367 | D:2      | Reached skill level 4 in Long Blades
  1367 | D:2      | Reached XP level 5. HP: 23/30 MP: 4/11
  1557 | D:2      | Reached XP level 6. HP: 32/35 MP: 9/12
  1652 | D:2      | Reached skill level 5 in Long Blades
  1693 | D:2      | Reached skill level 5 in Dodging
  2313 | D:3      | Found a snail-covered altar of Cheibriados.
  2467 | D:3      | Noticed Jessica
  2476 | D:3      | Killed Jessica
  2581 | D:3      | Found a blossoming altar of Fedhas.
  3087 | D:4      | Reached XP level 7. HP: 40/40 MP: 6/13
  3184 | D:4      | Found a staircase to the Ecumenical Temple.
  3282 | Temple   | Entered the Ecumenical Temple
  3357 | Temple   | Became a worshipper of Warmaster Okawaru
  3670 | D:4      | Noticed Menkaure
  3821 | D:4      | Found a bloodstained altar of Trog.
  3827 | D:5      | Entered Level 5 of the Dungeon
  4039 | D:5      | Learned a level 3 spell: Spectral Weapon
  4043 | D:5      | Learned a level 3 spell: Ozocubu's Armour
  4317 | D:5      | Reached skill level 6 in Long Blades
  4317 | D:5      | Reached skill level 5 in Charms
  4400 | D:5      | Found an ancient bone altar of Kikubaaqudgha.
  4585 | D:5      | Noticed a troll
  4681 | D:6      | Reached * piety under Okawaru
  4695 | D:6      | Reached XP level 8. HP: 41/48 MP: 2/14
  4917 | D:6      | Found a white marble altar of Elyvilon.
  5025 | D:6      | Reached skill level 7 in Long Blades
  5053 | D:5      | Reached ** piety under Okawaru
  5238 | D:6      | Found a hide-covered altar of Uskayaw.
  5238 | D:6      | Noticed a +0 hand axe
  5239 | D:6      | Noticed a +0 dagger
  5289 | D:6      | Found a stormy altar of Qazlal.
  5305 | D:6      | Reached skill level 5 in Fighting
  5361 | D:6      | Reached skill level 1 in Ice Magic
  5361 | D:6      | Reached skill level 1 in Invocations
  5361 | D:6      | Gained mutation: You can fly continuously. [Avariel growth]
  5361 | D:6      | Reached XP level 9. HP: 53/54 MP: 9/15
  5402 | D:6      | Noticed a centaur warrior
  5416 | D:6      | Killed a centaur warrior
  5416 | D:6      | Reached *** piety under Okawaru
  5416 | D:6      | Reached skill level 8 in Long Blades
  5603 | D:6      | Got a transparent copper ring
  6386 | D:7      | Reached XP level 10. HP: 42/60 MP: 9/16
  6463 | D:7      | Noticed a death yak
  6467 | D:7      | Noticed a death yak
  6489 | D:7      | Found an ornate altar of the Wu Jian Council.
  6494 | D:7      | Found a staircase to the Lair.
  6519 | D:7      | Reached **** piety under Okawaru
  6527 | D:7      | Reached skill level 9 in Long Blades
  6639 | D:7      | Noticed a cyclops
  6787 | D:7      | Learned a level 3 spell: Regeneration
  6840 | D:7      | Killed a cyclops
  6891 | D:7      | Noticed an angel
  6892 | D:7      | Found a glowing silver altar of Zin.
  6894 | D:7      | Found a shimmering altar of Xom.
  7037 | D:7      | Found a shattered altar of Ashenzari.
  7152 | D:7      | Found Mowem's Gadget Shop.
  7368 | D:7      | Noticed a death yak
  7452 | D:7      | Reached ***** piety under Okawaru
  7454 | D:7      | Received a gift from Okawaru
  7457 | D:7      | Got a steaming scimitar {god gift}
  7458 | D:7      | Identified the +7 scimitar of the Hero {venom, Dex+4}
                  | (Okawaru gifted it to you on level 7 of the Dungeon)
  7634 | D:7      | Found a hazy altar of Hepliaklqana.
  7791 | D:8      | Identified the cursed ring "Gausuim" {Fire Str+2} (You
                  | found it on level 6 of the Dungeon)
  8208 | D:8      | Found a corrupted altar of Lugonu.
  8248 | D:8      | Found Nileev's Gadget Boutique.
  8339 | D:9      | Noticed a deep elf mage
  8356 | D:9      | Killed a deep elf mage
  8356 | D:9      | Reached skill level 10 in Long Blades
  8381 | D:9      | Demolished by an orc warrior

Skill      XL: |  1  2  3  4  5  6  7  8  9 10 |
---------------+-------------------------------+-----
Long Blades    | 3 4 5 6 7 8 10 | 10.1
Dodging        | 3 4 5 6 8 |  8.6
Fighting       | 2 3 5 6 7 |  7.6
Charms         | 4 5 7 |  7.0
Ice Magic      | 1 3 |  3.6
Invocations    | 1 4 |  4.0
Armour         | |  1.1
Spellcasting   | |  2.6

Action                   |  1- 3 |  4- 6 |  7- 9 | 10-12 || total
-------------------------+-------+-------+-------+-------++-------
Melee: Falchion          |    64 |   163 |   234 |    36 ||   497
       Great sword       |       |       |       |    59 ||    59
       Scimitar          |       |       |       |    51 ||    51
Throw: Tomahawk          |       |       |    11 |       ||    11
 Cast: Infusion          |     9 |    23 |    30 |    16 ||    78
       Song of Slaying   |     1 |     8 |    11 |    11 ||    31
Invok: Heroism           |       |       |     1 |       ||     1
 Abil: Fly               |       |       |     1 |       ||     1
  Use: Scroll            |       |     1 |     6 |     3 ||    10
       Potion            |       |     1 |     3 |     1 ||     5
 Stab: Invisible         |       |       |     3 |       ||     3
       Sleeping          |       |       |       |     1 ||     1
  Eat: Ration            |     1 |       |     2 |       ||     3
       Chunk             |     3 |    11 |    10 |    13 ||    37
Armor: Leather armour    |    15 |    24 |    34 |    18 ||    91
Dodge: Dodged            |    32 |   114 |   138 |   133 ||   417
Block: Other             |     1 |     7 |    29 |    48 ||    85
